[Event "Titled Tuesday Blitz June 20 Late 2023"]
[White "Sun, Rick"]
[Black "Balla, Tamas-Kristof"]
[WhiteFideId "30909481"]
[BlackFideId "1208497"]
[WhiteElo "2169"]
[BlackElo "2334"]
[Result "1-0"]
[Round "9"]
[TimeControl "180+2"]
[Date "2023.06.20"]
[WhiteClock "0:00:19"]
[BlackClock "0:00:26"]
[Board "61"]

1. e4 c5 2. Nf3 Nc6 3. d4 cxd4 4. Nxd4 e5 5. Nb5 d6 6. N1c3 a6 7. Na3 b5 8. Nd5 Nge7 9. c4 Nxd5 10. cxd5 Nd4 11. Nc2 Bg4 12. f3 Qh4+ 13. g3 Nxf3+ 14. Qxf3 Bxf3 15. gxh4 Bxh1 16. Bd3 Bf3 17. Kf2 Bh5 18. Be3 Be7 19. Kg3 O-O 20. Nb4 f5 21. exf5 Bf6 22. Be4 Rac8 23. Nc6 g6 24. Rc1 Kh8 25. Kh3 Rg8 26. fxg6 Bxg6 27. Bxg6 Rxg6 28. Rf1 Rcg8 29. h5 Bg5 30. hxg6 Bxe3 31. gxh7 Kxh7 32. Ne7 Rg5 33. Nf5 Bc5 34. a3 Kg6 35. Ng3 a5 36. Ne4 Rh5+ 37. Kg3 Bd4 38. b4 axb4 39. axb4 Rf5 40. Rxf5 Kxf5 41. Nxd6+ Kg5 42. Nxb5 Be3 43. d6 Kf6 44. Kf3 Bd2 45. Nc7 Bxb4 46. Nd5+ Ke6 47. Nxb4 Kxd6 48. Ke4 Ke6 49. Nd3 Kf6 50. Nxe5 Kg5 51. Nf3+ Kg4 52. Ke3 Kh3 53. Kf2 Kg4 54. Kg2 Kh5 55. Kg3 Kg6 56. h3 Kh5 57. h4 Kg6 58. Kg4 Kh6 59. h5 Kg7 60. Kg5 Kh7 61. h6 Kg8 62. Kg6 Kh8 63. Ng5 Kg8 64. Nf7 Kf8 65. h7 1-0


[Site "https://www.chess.com"]

[Event "Titled Tuesday Blitz June 20 Late 2023"]
[White "Martic, Ivan"]
[Black "Kielinkei"]
[WhiteFideId "929301"]
[WhiteElo "2346"]
[BlackElo "2452"]
[Result "1-0"]
[Round "9"]
[TimeControl "180+2"]
[Date "2023.06.20"]
[WhiteClock "0:00:06"]
[BlackClock "0:00:00"]
[Board "62"]

1. e4 c5 2. Nf3 e6 3. d4 cxd4 4. Nxd4 Nc6 5. Nb5 d6 6. c4 a6 7. N5c3 Nf6 8. Be2 Be7 9. O-O O-O 10. Be3 b6 11. Qb3 Rb8 12. Na3 Bd7 13. Rfd1 Qc7 14. Rac1 Qb7 15. f3 Na5 16. Qc2 Rfc8 17. b4 Nc6 18. Qb3 Ne5 19. Nc2 Rc7 20. Nd4 Rbc8 21. Na4 b5 22. cxb5 axb5 23. Nc3 Nc4 24. Bf2 d5 25. exd5 Nxd5 26. Nxd5 exd5 27. Bd3 Ra8 28. Bf5 Bf6 29. Bxd7 Rxd7 30. Nf5 Ra3 31. Qb1 g6 32. Bd4 Qa6 33. Bxf6 Qxf6 34. Nd4 Qa6 35. h3 Rxa2 36. Re1 Rd8 37. Re7 Rb2 38. Qd3 Qa2 39. Qf1 Rd2 40. Nc6 Rc8 41. Na7 Rb8 42. Rce1 Kg7 43. Nc6 Ra8 44. Kh1 Qb2 45. Qg1 Qf6 46. Rd7 Qxc6 47. Ree7 Nd6 48. Qe1 Rc2 49. Qe5+ Kg8 50. Rxd6 Rc1+ 51. Kh2 Qc8 52. Qf6 Qf8 53. Rdd7 Re8 54. Rxf7 Ree1 55. Rg7+ Kh8 56. Rxh7+ 1-0


[Site "https://www.chess.com"]

[Event "Titled Tuesday Blitz June 20 Late 2023"]
[White "Doknjas, Neil"]
[Black "Martins, Bruno Andre Leite"]
[WhiteFideId "2617587"]
[BlackFideId "1942255"]
[WhiteElo "2152"]
[BlackElo "2241"]
[Result "0-1"]
[Round "9"]
[TimeControl "180+2"]
[Date "2023.06.20"]
[WhiteClock "0:00:15"]
[BlackClock "0:00:15"]
[Board "63"]

1. e4 c5 2. Nf3 d6 3. d4 cxd4 4. Nxd4 Nf6 5. Nc3 e5 6. Nb3 Be7 7. f3 O-O 8. Be3 Be6 9. Nd5 Nxd5 10. exd5 Bf5 11. Bd3 Bxd3 12. Qxd3 a6 13. c4 f5 14. c5 dxc5 15. d6 Qxd6 16. Qc4+ Kh8 17. Bxc5 Qc7 18. Rc1 Nc6 19. O-O Rad8 20. Rfe1 Rfe8 21. Bxe7 Qxe7 22. Nc5 Nd4 23. Nd3 Qd6 24. f4 exf4 25. Nc5 f3 26. Nxb7 Qg6 27. g3 Ne2+ 28. Kf2 Qh6 29. Nxd8 Qe3+ 30. Kf1 Rxd8 31. Rxe2 fxe2+ 32. Qxe2 Qxc1+ 33. Kg2 Rd2 0-1


[Site "https://www.chess.com"]

[Event "Titled Tuesday Blitz June 20 Late 2023"]
[White "Jonkman, Harmen"]
[Black "Bernabeu Lopez, Carlos Javier"]
[WhiteFideId "1002708"]
[BlackFideId "2235366"]
[WhiteElo "2368"]
[BlackElo "2344"]
[Result "0-1"]
[Round "9"]
[TimeControl "180+2"]
[Date "2023.06.20"]
[WhiteClock "0:00:14"]
[BlackClock "0:01:28"]
[Board "64"]

1. d4 Nf6 2. Nf3 g6 3. Nc3 Bg7 4. e4 O-O 5. Be2 d5 6. e5 Ne4 7. O-O Nxc3 8. bxc3 c5 9. Bg5 Nc6 10. Qd2 Bg4 11. Rfe1 Qd7 12. h3 Bxf3 13. Bxf3 e6 14. h4 Rac8 15. Rab1 b6 16. h5 Rfe8 17. Bh6 Bxh6 18. Qxh6 Qe7 19. g3 Qf8 20. Qd2 cxd4 21. cxd4 Na5 22. Kg2 Rc4 23. Rh1 Rec8 24. Rbc1 Qg7 25. hxg6 hxg6 26. Rh4 Nc6 27. Qg5 Rxd4 28. Bg4 Nxe5 29. Rch1 Rxg4 30. Rh8+ Qxh8 31. Rxh8+ Kxh8 32. Qxe5+ Kg8 33. f4 Rxc2+ 34. Kf3 f5 35. Qxe6+ Kg7 36. Qe7+ Kh8 37. Qd8+ Kh7 38. Qd7+ Kh6 39. Qxd5 Rc3+ 40. Kf2 Rgxg3 41. Qa8 Rcf3+ 42. Ke2 Kh5 43. Qxa7 Kg4 44. Qxb6 Rg2+ 45. Ke1 Kxf4 46. Qd6+ Kg5 47. Qd8+ Kg4 48. Qd4+ Rf4 49. Qd1+ Kg3 50. Qd3+ Kh2 51. Qd6 g5 52. Qh6+ Kg1 53. Qb6+ Rgf2 54. a4 g4 55. a5 g3 56. a6 Re4+ 57. Kd1 Ra4 58. Qf6 Ra1+ 59. Qxa1 Rf1+ 60. Ke2 Rxa1 61. Kf3 Rxa6 0-1


[Site "https://www.chess.com"]

[Event "Titled Tuesday Blitz June 20 Late 2023"]
[White "Vlassov, Nikolai"]
[Black "Fiedorek, Michal"]
[WhiteFideId "4103360"]
[BlackFideId "1199528"]
[WhiteElo "2324"]
[BlackElo "2135"]
[Result "0-1"]
[Round "9"]
[TimeControl "180+2"]
[Date "2023.06.20"]
[WhiteClock "0:00:56"]
[BlackClock "0:00:59"]
[Board "65"]

1. e4 c6 2. d4 d5 3. e5 Bf5 4. Nc3 h5 5. Nf3 e6 6. Bd3 Ne7 7. O-O Bxd3 8. Qxd3 Nf5 9. Ne2 Nd7 10. Ng3 g6 11. Bg5 Be7 12. Nxf5 gxf5 13. h4 Bxg5 14. Nxg5 Qe7 15. b3 O-O-O 16. Rfe1 Nf8 17. g3 Nh7 18. f4 Kb8 19. c4 dxc4 20. bxc4 Rd7 21. Red1 Nxg5 22. hxg5 h4 23. Kg2 hxg3 24. Kxg3 Rhd8 25. Rd2 Rxd4 26. Qxd4 Rxd4 27. Rxd4 Qa3+ 28. Kh4 Qb2 29. Rd8+ Kc7 30. Rad1 Qh2# 0-1


[Site "https://www.chess.com"]

[Event "Titled Tuesday Blitz June 20 Late 2023"]
[White "Mendez Fortes, Eduardo Jesus"]
[Black "Herrera, Juan Sebastian"]
[WhiteFideId "3502376"]
[BlackFideId "4403266"]
[WhiteElo "2307"]
[BlackElo "2255"]
[Result "1-0"]
[Round "9"]
[TimeControl "180+2"]
[Date "2023.06.20"]
[WhiteClock "0:00:08"]
[BlackClock "0:00:03"]
[Board "66"]

1. e4 Nf6 2. e5 Nd5 3. d4 d6 4. Nf3 dxe5 5. Nxe5 c6 6. Bc4 Nd7 7. Nd3 N7b6 8. Bb3 Bf5 9. O-O e6 10. c3 Be7 11. Ne5 O-O 12. Nd2 a5 13. a4 Nd7 14. Ndf3 Bd6 15. h3 Qc7 16. Qe2 h6 17. Re1 Rfe8 18. Bc4 c5 19. Nxd7 Qxd7 20. Bb5 Qc7 21. Bxe8 Rxe8 22. dxc5 Bxc5 23. Nd4 Bg6 24. Nb5 Qb8 25. Qf3 Bf5 26. c4 Nb4 27. Bf4 e5 28. Bxh6 Qc8 29. Be3 Bxe3 30. Rxe3 Rd8 31. c5 Nc2 32. Rae1 Nxe1 33. Rxe1 Be6 34. Rxe5 Rd2 35. Nd6 Qd8 36. Rxe6 fxe6 37. Qf7+ Kh7 38. Qxb7 Qg5 39. Qe4+ Kg8 40. Qxe6+ Kh7 41. Qe4+ Kg8 42. g3 Rxb2 43. Kg2 Qf6 44. Qe8+ Kh7 45. Qe4+ Kg8 46. Qe3 Rc2 47. Ne4 Qe6 48. Qf3 Rc4 49. Ng5 Qe7 50. Qd5+ Kh8 51. Nf7+ Kh7 52. Qxc4 g5 53. h4 g4 54. Ng5+ Kh6 55. Qe6+ Kh5 56. Qxe7 Kg6 57. Qf7+ Kh6 58. Qh7# 1-0


[Site "https://www.chess.com"]

[Event "Titled Tuesday Blitz June 20 Late 2023"]
[White "Pinheiro, Iung Alicio de O."]
[Black "Carrasco Miranda, Andres"]
[WhiteFideId "2104350"]
[BlackFideId "3405990"]
[WhiteElo "2283"]
[BlackElo "2183"]
[Result "1-0"]
[Round "9"]
[TimeControl "180+2"]
[Date "2023.06.20"]
[WhiteClock "0:00:05"]
[BlackClock "0:00:03"]
[Board "67"]

1. e4 e5 2. Nf3 Nc6 3. Bc4 Bc5 4. b4 Bxb4 5. c3 Be7 6. d4 Na5 7. Be2 d6 8. dxe5 dxe5 9. Qa4+ c6 10. Nxe5 Nf6 11. O-O b5 12. Qc2 O-O 13. Bg5 h6 14. Bh4 Be6 15. Nd2 Nd7 16. Bg3 Nxe5 17. Bxe5 Bf6 18. Bg3 Qb6 19. Bd6 Rfd8 20. e5 Nb7 21. exf6 Nxd6 22. fxg7 Qc5 23. Nf3 Bf5 24. Qc1 Kxg7 25. Nd4 Bg6 26. Qf4 Qxc3 27. Rac1 Qa3 28. Qe5+ Kg8 29. Nxc6 Re8 30. Ne7+ Kh7 31. Rc7 Nf5 32. Bf3 Rad8 33. Nxg6 Rxe5 34. Nxe5 Nd4 35. Rxf7+ Kg8 36. Rb7 Nxf3+ 37. gxf3 Qxa2 38. Kh1 Kf8 39. Rg1 Qxf2 40. Ng6+ Kg8 41. Ne5+ Kf8 42. Rf7+ Ke8 43. Rg8# 1-0


[Site "https://www.chess.com"]

[Event "Titled Tuesday Blitz June 20 Late 2023"]
[White "brm72"]
[Black "Sivakumar, Shaaketh"]
[BlackFideId "30940176"]
[WhiteElo "2563"]
[BlackElo "2174"]
[Result "0-1"]
[Round "9"]
[TimeControl "180+2"]
[Date "2023.06.20"]
[WhiteClock "0:00:02"]
[BlackClock "0:00:09"]
[Board "68"]

1. e4 e6 2. d4 d5 3. e5 c5 4. c3 Nc6 5. Nf3 Qb6 6. Bd3 cxd4 7. O-O Bd7 8. Re1 Rc8 9. Nbd2 dxc3 10. bxc3 Bc5 11. Qe2 Na5 12. Rb1 Qc7 13. Nb3 Nxb3 14. axb3 Ne7 15. h4 Qd8 16. h5 h6 17. Nh4 Nc6 18. Qg4 Bf8 19. Bf4 Na5 20. c4 Bc6 21. c5 a6 22. b4 Nc4 23. Re2 Bb5 24. Rd1 Na3 25. Re3 Bxd3 26. Rdxd3 Nc2 27. Rf3 Nxb4 28. Rb3 Nc6 29. Rxb7 Rc7 30. Rb6 Bxc5 31. Qxg7 Rf8 32. Bxh6 Qxh4 33. Rxa6 Nd8 34. Ra8 Be7 35. g3 Qe4 36. Rxd8+ Kxd8 37. Rxf7 Rxf7 38. Qxf7 Qf5 39. Qg8+ Kd7 40. Bg7 Rc1+ 41. Kg2 Qe4+ 42. Kh3 Rh1# 0-1


[Site "https://www.chess.com"]

[Event "Titled Tuesday Blitz June 20 Late 2023"]
[White "Buchenau, Frank"]
[Black "Leenhouts, Koen"]
[WhiteFideId "4604350"]
[BlackFideId "1008439"]
[WhiteElo "2157"]
[BlackElo "2409"]
[Result "1-0"]
[Round "9"]
[TimeControl "180+2"]
[Date "2023.06.20"]
[WhiteClock "0:00:14"]
[BlackClock "0:00:05"]
[Board "69"]

1. e4 e5 2. Bc4 Nf6 3. d3 c6 4. Nf3 d6 5. O-O Be7 6. c3 O-O 7. Bb3 Be6 8. Bxe6 fxe6 9. Qb3 Qd7 10. Ng5 d5 11. Nf3 Qc7 12. Ng5 Qd7 13. Re1 Ng4 14. Nf3 Bd6 15. h3 Rxf3 16. gxf3 Nf6 17. Nd2 Na6 18. d4 Qf7 19. f4 Qg6+ 20. Kh2 exf4 21. e5 Qh5 22. Qd1 Qh4 23. Qe2 Rf8 24. exd6 Kh8 25. Nf3 Ng4+ 26. Kg2 Qh5 27. hxg4 Qxg4+ 28. Kh1 Qh3+ 29. Nh2 f3 30. Qf1 Qh4 31. Rxe6 Nb8 32. Bd2 Nd7 33. Rae1 Nf6 34. Kg1 Ng4 35. Nxg4 Qxg4+ 36. Kh2 Qh4+ 37. Qh3 Qxf2+ 38. Kh1 Qxd2 39. Re8 Qf4 40. Rxf8+ Qxf8 41. d7 f2 42. Re8 f1=Q+ 43. Qxf1 Qxe8 44. dxe8=Q# 1-0


[Site "https://www.chess.com"]

[Event "Titled Tuesday Blitz June 20 Late 2023"]
[White "D`Arruda, Ricardo D."]
[Black "Ionescu, Mihai"]
[WhiteFideId "100692"]
[BlackFideId "1202499"]
[WhiteElo "2536"]
[BlackElo "2279"]
[Result "1/2-1/2"]
[Round "9"]
[TimeControl "180+2"]
[Date "2023.06.20"]
[WhiteClock "0:00:43"]
[BlackClock "0:01:02"]
[Board "70"]

1. g3 d5 2. Bg2 c6 3. d3 g6 4. Nd2 Bg7 5. Ngf3 e5 6. O-O Ne7 7. e4 O-O 8. exd5 Nxd5 9. Re1 Re8 10. Nc4 Bg4 11. h3 Bxf3 12. Bxf3 Nd7 13. Nd6 Re6 14. Nc4 Qc7 15. c3 Rae8 16. Bd2 N5b6 17. Nxb6 axb6 18. Qb3 Nc5 19. Qc2 Rd8 20. Be2 Red6 21. d4 exd4 22. Bf4 d3 23. Bxd3 Nxd3 24. Qxd3 Rxd3 25. Bxc7 Ra8 26. Bxb6 Rd2 27. Rab1 Bf8 28. Be3 Rc2 29. a3 Rd8 30. Rec1 Rxc1+ 31. Rxc1 f5 32. Kf1 Kf7 33. Ke2 Ke6 34. Rd1 Rxd1 35. Kxd1 Kd5 36. b3 Bxa3 37. c4+ Ke4 38. Ke2 b5 39. f3+ Ke5 40. Kd3 Be7 41. g4 h5 42. Bh6 hxg4 43. hxg4 fxg4 44. fxg4 g5 45. Ke3 bxc4 46. bxc4 Bc5+ 47. Kf3 Kd4 48. Bxg5 Kxc4 49. Bf6 Kd5 50. g5 Ke6 51. Ke4 Be7 52. Bxe7 Kxe7 53. Ke5 Kf7 54. Kd6 Kg6 55. Kxc6 Kxg5 1/2-1/2


[Site "https://www.chess.com"]

[Event "Titled Tuesday Blitz June 20 Late 2023"]
[White "Olsson, William"]
[Black "Kochiev, Ivan"]
[WhiteFideId "1741721"]
[BlackFideId "2917890"]
[WhiteElo "2197"]
[BlackElo "2287"]
[Result "0-1"]
[Round "9"]
[TimeControl "180+2"]
[Date "2023.06.20"]
[WhiteClock "0:00:54"]
[BlackClock "0:00:11"]
[Board "71"]

1. c4 Nf6 2. g3 e6 3. Nf3 b6 4. Bg2 Bb7 5. O-O Be7 6. Nc3 O-O 7. d3 d5 8. b3 c5 9. cxd5 Nxd5 10. Bb2 Bf6 11. Rc1 Nc6 12. Qd2 Nxc3 13. Bxc3 Qe7 14. a3 Rfd8 15. b4 Bxc3 16. Qxc3 cxb4 17. axb4 Qxb4 18. Qc2 Rac8 19. Qa2 Qd6 20. Ng5 a5 21. Qb3 Nd4 22. Qb2 Bxg2 23. Kxg2 Qd5+ 24. Nf3 Rxc1 25. Rxc1 Nxf3 26. exf3 b5 27. Rc7 Ra8 28. d4 b4 29. Rc5 Qb7 30. Rc4 Rc8 31. Rc5 Ra8 32. Qe2 a4 33. Rb5 Qe7 34. Qc4 a3 35. Rxb4 Qxb4 0-1


[Site "https://www.chess.com"]

[Event "Titled Tuesday Blitz June 20 Late 2023"]
[White "whiteglovethief"]
[Black "Mazurkiewicz, Michal"]
[BlackFideId "1124943"]
[WhiteElo "2514"]
[BlackElo "2063"]
[Result "0-1"]
[Round "9"]
[TimeControl "180+2"]
[Date "2023.06.20"]
[WhiteClock "0:01:16"]
[BlackClock "0:00:07"]
[Board "72"]

1. d4 Nf6 2. c4 e5 3. dxe5 Ng4 4. e3 Nxe5 5. Nh3 d5 6. cxd5 Bxh3 7. gxh3 Bd6 8. Nc3 Nbd7 9. Bd2 O-O 10. Bg2 f5 11. Qe2 Qg5 12. f4 Qh4+ 13. Kd1 Ng6 14. Kc2 Rae8 15. Qf3 a6 16. Rag1 b5 17. Bf1 Nc5 18. Rg5 b4 19. Be1 Qxe1 20. Bc4 Qxe3 21. Qxe3 Rxe3 22. Ne2 Kh8 23. Rf1 Rfe8 24. Kd1 R8e4 25. b3 Nd3 26. Rxf5 Nb2+ 27. Kc2 Nxc4 28. Ng3 Rc3+ 29. Kd1 Rd4+ 30. Ke2 Rd2+ 0-1


[Site "https://www.chess.com"]

[Event "Titled Tuesday Blitz June 20 Late 2023"]
[White "Stachanczyk, Jacek"]
[Black "Petukhov, Dmitry"]
[WhiteFideId "1116657"]
[BlackFideId "4142748"]
[WhiteElo "2084"]
[BlackElo "2311"]
[Result "1-0"]
[Round "9"]
[TimeControl "180+2"]
[Date "2023.06.20"]
[WhiteClock "0:00:33"]
[BlackClock "0:00:00"]
[Board "73"]

1. e4 c5 2. Nf3 d6 3. d4 cxd4 4. Nxd4 Nf6 5. Nc3 Nc6 6. Bg5 Bd7 7. Qd2 Rc8 8. O-O-O Nxd4 9. Qxd4 Qa5 10. Bd2 a6 11. f4 g6 12. e5 Nh5 13. e6 Bxe6 14. Qxh8 Nf6 15. h3 Kd7 16. a3 Bh6 17. Qxc8+ Kxc8 18. Kb1 Qc7 19. g4 Bg7 20. Bg2 Nd7 21. Rhe1 Nc5 22. Nd5 Bxd5 23. Bxd5 e6 24. Ba2 d5 25. Bc1 Ne4 26. Bb3 Qb6 27. Ka2 Nc5 28. Be3 Qc6 29. Bxc5 Qxc5 30. f5 gxf5 31. gxf5 Qb6 32. fxe6 fxe6 33. Rg1 Bd4 34. Rg4 a5 35. Rgxd4 Kb8 36. Rg4 Qa7 37. c3 Qb6 38. Re1 Ka7 39. Rg2 d4 40. cxd4 Qxd4 41. Rg4 Qc5 42. Rxe6 h5 43. Rc4 Qb5 44. Ra4 h4 45. Re7 Kb8 46. Rae4 Ka7 47. R4e5 Qd3 48. Bd5 Ka6 49. Bxb7+ Kb6 50. Bd5 a4 51. Bf7 Kc6 52. R7e6+ Kc7 53. Rh6 Kd7 54. Rg5 Ke7 55. Rg7 Kf8 56. Rhh7 Qd4 57. Be6 1-0


[Site "https://www.chess.com"]

[Event "Titled Tuesday Blitz June 20 Late 2023"]
[White "Buscar, Michael"]
[Black "Zaitsev, Alexander"]
[WhiteFideId "2603616"]
[BlackFideId "4164490"]
[WhiteElo "2010"]
[BlackElo "2373"]
[Result "1-0"]
[Round "9"]
[TimeControl "180+2"]
[Date "2023.06.20"]
[WhiteClock "0:00:19"]
[BlackClock "0:00:00"]
[Board "74"]

1. d4 Nf6 2. c4 e6 3. Nc3 Bb4 4. e3 b6 5. Bd3 Bb7 6. Ne2 Bxg2 7. Rg1 Bf3 8. Rxg7 Nh5 9. Rxh7 Rxh7 10. Bxh7 Qh4 11. Qd3 Nf6 12. Bf5 exf5 13. Qxf5 Bxe2 14. Qe5+ Kd8 15. Kxe2 Nc6 16. Qg3 Qh5+ 17. Qf3 Bxc3 18. bxc3 Ke7 19. Ba3+ d6 20. Rg1 Rh8 21. Rg2 Na5 22. c5 Nc4 23. cxd6+ cxd6 24. Bc1 d5 25. Qxh5 Rxh5 26. f3 b5 27. Kf2 a5 28. Kg1 a4 29. Re2 Rh4 30. Kg2 Kd6 31. Kg3 Rh8 32. e4 dxe4 33. fxe4 Rg8+ 34. Kf3 Nd7 35. h4 Rh8 36. Rh2 f6 37. h5 Ke6 38. h6 f5 39. exf5+ Kxf5 40. Rh5+ Kg6 41. Rxb5 Rf8+ 42. Ke2 Re8+ 43. Kd3 Ndb6 44. Rg5+ Kh7 45. Rg7+ Kh8 46. Bg5 Re6 47. Re7 Rg6 48. Bf4 Rf6 49. Bg5 Rg6 50. Bf4 Rg4 51. Bc7 Rh4 52. Re6 Nd5 53. Re8+ Kh7 54. Kxc4 Nxc7 55. Re7+ Kxh6 56. Rxc7 Rh2 57. a3 Ra2 58. Kb4 Kg6 59. Kxa4 Kf6 60. Kb3 Ra1 61. a4 Ke6 62. Rc5 Kd6 63. a5 Rb1+ 64. Ka4 Rb2 65. a6 Rb1 66. Ka5 Rb2 67. a7 1-0


[Site "https://www.chess.com"]

[Event "Titled Tuesday Blitz June 20 Late 2023"]
[White "Bilan, Danila"]
[Black "Hoffmann, Asa"]
[WhiteFideId "24161918"]
[BlackFideId "2001470"]
[WhiteElo "2146"]
[BlackElo "2117"]
[Result "1-0"]
[Round "9"]
[TimeControl "180+2"]
[Date "2023.06.20"]
[WhiteClock "0:00:05"]
[BlackClock "0:00:38"]
[Board "75"]

1. d4 Nf6 2. Nf3 d6 3. Bg5 Nbd7 4. c3 b6 5. e3 Bb7 6. Bc4 e6 7. Nbd2 Be7 8. O-O c5 9. Qe2 O-O 10. e4 d5 11. exd5 Nxd5 12. Bxe7 Qxe7 13. Rad1 cxd4 14. cxd4 Rac8 15. Rc1 Rfe8 16. Bb5 Red8 17. a3 Nf4 18. Qe3 Nd5 19. Qb3 N7f6 20. Ne5 Nf4 21. Nc6 Bxc6 22. Rxc6 Rxc6 23. Bxc6 Rxd4 24. Nf3 Rd6 25. Bb5 N6d5 26. g3 Ng6 27. Rc1 h6 28. Bd3 Qf6 29. Rc8+ Kh7 30. h4 Ne7 31. Rc7 Nf5 32. h5 Ne5 33. Nxe5 Qxe5 34. Rxf7 Qd5 35. Qxd5 Rxd5 36. Be4 Re5 37. Bxf5+ exf5 38. Rxa7 f4 39. g4 f3 40. Kh2 Re2 41. Kg3 Rxb2 42. Kxf3 b5 43. Rb7 Rb3+ 44. Kf4 Rxa3 45. Rxb5 Ra2 46. f3 Ra7 47. Rf5 Re7 48. Re5 Rf7+ 49. Ke4 Rf6 50. f4 Rf7 51. g5 hxg5 52. fxg5 g6 53. Re6 Rg7 54. h6 Rf7 55. Ke5 Ra7 56. Kf6 Rb7 57. Re7+ Rxe7 58. Kxe7 Kh8 59. Kf6 Kh7 60. Kf7 Kh8 61. Kxg6 Kg8 62. Kh5 Kf7 63. g6+ 1-0


[Site "https://www.chess.com"]

[Event "Titled Tuesday Blitz June 20 Late 2023"]
[White "Rodriguez Polo, Mateo"]
[Black "Santos Flores, Alberto"]
[WhiteFideId "24509396"]
[BlackFideId "3601234"]
[WhiteElo "2117"]
[BlackElo "2235"]
[Result "0-1"]
[Round "9"]
[TimeControl "180+2"]
[Date "2023.06.20"]
[WhiteClock "0:00:00"]
[BlackClock "0:00:29"]
[Board "76"]

1. e4 c5 2. Nf3 Nc6 3. d4 cxd4 4. Nxd4 g6 5. Nc3 Bg7 6. Be3 Nf6 7. Bc4 O-O 8. Bb3 a5 9. O-O d6 10. Ndb5 a4 11. Nxa4 Nxe4 12. Qe2 Nf6 13. Rad1 Ra6 14. c4 Bd7 15. c5 d5 16. Nac3 e6 17. Nd6 Na5 18. Nxb7 Qa8 19. Nxa5 Rxa5 20. Bd4 Bc6 21. Bc2 Rb8 22. Bb1 Nd7 23. Bxg7 Kxg7 24. a3 Rxc5 25. Rc1 Bb5 26. Nxb5 Rcxb5 27. Qd2 Rxb2 28. Qc3+ Nf6 29. Bd3 R2b3 30. Qe5 Qxa3 31. Be2 Qb2 32. Qxb2 Rxb2 33. Bf3 e5 34. g3 e4 35. Bg2 Rd2 36. Rfd1 Rbb2 37. Rxd2 Rxd2 38. Bf1 Ng4 39. Rc7 Nxf2 40. Rd7 Ng4 41. Bc4 Rd1+ 0-1


[Site "https://www.chess.com"]

[Event "Titled Tuesday Blitz June 20 Late 2023"]
[White "Cluke86"]
[Black "Papayan, Oleg"]
[BlackFideId "4193911"]
[WhiteElo "2278"]
[BlackElo "2167"]
[Result "0-1"]
[Round "9"]
[TimeControl "180+2"]
[Date "2023.06.20"]
[WhiteClock "0:00:07"]
[BlackClock "0:00:17"]
[Board "77"]

1. e4 e5 2. Nf3 Nc6 3. Bc4 Nf6 4. O-O Nxe4 5. Nc3 Nxc3 6. dxc3 f6 7. Re1 Qe7 8. Nd4 d6 9. f4 Nxd4 10. cxd4 Be6 11. Bxe6 Qxe6 12. d5 Qd7 13. c4 Be7 14. Qh5+ g6 15. Qe2 O-O 16. Bd2 Rae8 17. Qf3 f5 18. fxe5 dxe5 19. Kh1 e4 20. Qh3 Bf6 21. Bc3 Qg7 22. Bb4 Rf7 23. Qe3 Bxb2 24. Rad1 b6 25. c5 f4 26. Qb3 f3 27. gxf3 Rxf3 28. Qxf3 exf3 29. Rxe8+ Kf7 30. Rde1 Qd4 31. cxb6 f2 32. R8e7+ Kf6 33. R7e6+ Kg5 34. Be7+ Kh6 35. Bf8+ Kg5 36. Be7+ Kh6 37. Bf8+ Kh5 38. Rf1 Qxd5+ 39. Re4 Qxe4# 0-1


[Site "https://www.chess.com"]

[Event "Titled Tuesday Blitz June 20 Late 2023"]
[White "Xu, Yi"]
[Black "Yeritsyan, Hayk"]
[WhiteFideId "8605564"]
[BlackFideId "13307320"]
[WhiteElo "2460"]
[BlackElo "2451"]
[Result "1-0"]
[Round "9"]
[TimeControl "180+2"]
[Date "2023.06.20"]
[WhiteClock "0:00:39"]
[BlackClock "0:00:14"]
[Board "78"]

1. d4 d5 2. c4 e6 3. Nf3 Nf6 4. Nc3 Nbd7 5. Bf4 c6 6. e3 Qa5 7. a3 Ne4 8. Qc2 Bb4 9. Rc1 Bxc3+ 10. bxc3 Qxa3 11. Bd3 Nef6 12. c5 Qa5 13. Bd6 b6 14. O-O bxc5 15. dxc5 Qd8 16. Nd4 Nb8 17. Qb3 Nfd7 18. Rb1 g6 19. Qc2 e5 20. Ne6 Qh4 21. Nc7+ Kd8 22. Nxa8 e4 23. Be2 Na6 24. Qa4 Naxc5 25. Bxc5 Nxc5 26. Qa5+ 1-0


[Site "https://www.chess.com"]

[Event "Titled Tuesday Blitz June 20 Late 2023"]
[White "Jiang, Andrew"]
[Black "Hambleton, Aman"]
[WhiteFideId "30953510"]
[BlackFideId "2606577"]
[WhiteElo "1883"]
[BlackElo "2511"]
[Result "1-0"]
[Round "9"]
[TimeControl "180+2"]
[Date "2023.06.20"]
[WhiteClock "0:00:09"]
[BlackClock "0:00:02"]
[Board "79"]

1. e4 c5 2. c3 Nf6 3. e5 Nd5 4. Nf3 Nc6 5. Bc4 Nb6 6. Bb3 d5 7. exd6 exd6 8. d4 Be7 9. O-O O-O 10. Be3 Bf5 11. Nbd2 Bd3 12. Re1 c4 13. Bc2 Bxc2 14. Qxc2 d5 15. Nf1 Bd6 16. Ng3 Bxg3 17. hxg3 Qf6 18. Bf4 Rfe8 19. a4 Na5 20. Ne5 Nb3 21. Ra3 a5 22. Re3 Re6 23. Rxb3 cxb3 24. Qxb3 Qe7 25. Ng4 h5 26. Ne5 Qe8 27. Qd1 f6 28. Nd3 Rxe3 29. Bxe3 Nxa4 30. b3 Nxc3 31. Qc2 Rc8 32. Nc5 Ne4 33. Qa2 b6 34. Nd3 Qc6 35. Nf4 g5 36. Nxh5 Kf7 37. f3 Qc2 38. Qa4 Qd3 39. Qd7+ Kg6 40. Qg7+ Kf5 41. Qd7+ Kg6 42. Qg7+ Kf5 43. fxe4+ Kxe4 44. Qe7+ Kf5 45. Qxf6+ Kg4 46. Qxg5# 1-0


[Site "https://www.chess.com"]

[Event "Titled Tuesday Blitz June 20 Late 2023"]
[White "ArchibaldCerveza29"]
[Black "Hajiyev, Kanan"]
[BlackFideId "13404148"]
[WhiteElo "2437"]
[BlackElo "2115"]
[Result "1-0"]
[Round "9"]
[TimeControl "180+2"]
[Date "2023.06.20"]
[WhiteClock "0:00:21"]
[BlackClock "0:00:14"]
[Board "80"]

1. e4 c6 2. d4 d5 3. exd5 cxd5 4. c4 Nf6 5. Nc3 e6 6. Nf3 Bb4 7. Bd3 dxc4 8. Bxc4 O-O 9. O-O Nc6 10. Re1 b6 11. a3 Be7 12. Bd3 Bb7 13. Bc2 Rc8 14. Qd3 g6 15. Bh6 Re8 16. Ba4 Nd5 17. h4 Nxc3 18. bxc3 Bxh4 19. c4 Bf6 20. Rad1 Re7 21. Bf4 Na5 22. Bg5 Rec7 23. Bxf6 Qxf6 24. d5 Rxc4 25. Bd7 Bxd5 26. Bxc8 Rxc8 27. Qd4 Qxd4 28. Nxd4 Rc3 29. Nb5 Rb3 30. Rb1 a6 31. Nc7 Bc4 32. Rxb3 Nxb3 33. Rb1 a5 34. a4 Kf8 35. Na8 Nd2 36. Rb2 Ne4 37. Nxb6 Bd3 38. Nd7+ Ke7 39. Ne5 Ba6 40. Nc6+ Kd6 41. Nxa5 Nc5 42. Rb6+ Kd5 43. Nb3 Bc4 44. Nxc5 Kxc5 45. Rb7 e5 46. f3 h5 47. a5 Bd5 48. Rb8 Bc4 49. Kf2 Bd3 50. Ke3 e4 51. fxe4 Bc4 52. Kf4 Bb5 53. g3 f6 54. Rb6 g5+ 55. Kf5 Bd3 56. Rxf6 h4 57. g4 h3 58. Rh6 Bf1 59. a6 h2 60. a7 Bg2 61. a8=Q h1=Q 62. Rxh1 Bxh1 63. Qd5+ Kb4 64. Kxg5 Kc3 65. Kf4 Kc2 66. Qe5 Bg2 67. g5 Bf1 68. g6 Bc4 69. g7 Kb3 70. Qd4 Bf7 71. Qb6+ Kc3 72. Qc7+ Bc4 73. Qxc4+ Kxc4 74. g8=Q+ Kd4 75. Qd5+ Kc3 76. e5 Kb4 77. e6 Kc3 78. e7 Kb4 79. e8=Q Ka3 80. Qb8 Ka4 81. Qdb5+ Ka3 82. Qb3# 1-0


[Site "https://www.chess.com"]

[Event "Titled Tuesday Blitz June 20 Late 2023"]
[White "Seletsky, Grigory"]
[Black "Shapiro, Viktor"]
[WhiteFideId "14112191"]
[BlackFideId "4175700"]
[WhiteElo "2491"]
[BlackElo "2212"]
[Result "1/2-1/2"]
[Round "9"]
[TimeControl "180+2"]
[Date "2023.06.20"]
[WhiteClock "0:00:11"]
[BlackClock "0:00:11"]
[Board "81"]

1. e4 c5 2. Nf3 d6 3. c3 Nf6 4. Bd3 Nc6 5. O-O e6 6. Re1 Be7 7. Bc2 O-O 8. d4 cxd4 9. cxd4 e5 10. h3 a5 11. Nc3 Bd7 12. d5 Nb4 13. Bb1 Rc8 14. a3 Na6 15. Be3 b5 16. Bd3 Rb8 17. Rb1 b4 18. Bxa6 bxc3 19. bxc3 Nxe4 20. Qd3 f5 21. Nd2 Nxd2 22. Bxd2 Qc7 23. Bb5 e4 24. Qe2 Bf6 25. c4 a4 26. Rec1 Rfc8 27. Bb4 Be5 28. Bxd7 Qxd7 29. f3 Bf4 30. Rc2 Re8 31. Rd1 Rbc8 32. c5 exf3 33. Qxf3 Be3+ 34. Kh1 dxc5 35. Bc3 Bh6 36. d6 Re4 37. Qd3 Qf7 38. d7 Rd8 39. Ba5 c4 40. Qd5 Qxd5 41. Rxd5 Bg5 42. Bxd8 Bxd8 43. Rxf5 Rd4 44. Rc5 Rxd7 45. R5xc4 Bf6 46. g4 Kf7 47. Kg2 Rd3 48. Rxa4 h5 49. Rf2 hxg4 50. hxg4 Kg6 51. Ra6 Kg5 52. Raxf6 gxf6 53. Rf3 Rd4 54. Kh3 Ra4 55. Rf5+ Kg6 56. Rf3 Kg5 57. Rf5+ Kg6 58. Rf3 Kg5 1/2-1/2


[Site "https://www.chess.com"]